 Dungeon Crawl Stone Soup version 0.30-a0-4-ga7cffc901d (webtiles) character file.

Game seed: 17033370487544291566

5656 greasedhog the Envoy of Void (level 10, 0/59 HPs)
             Began as a Gargoyle Abyssal Knight on Aug 20, 2022.
             Was a High Priest of Lugonu.
             Slain by an orc
             ... wielding a +0 halberd
              (6 damage)
             ... in a bailey.
             The game lasted 00:15:17 (9966 turns).

greasedhog the Envoy of Void (GrAK)                 Turns: 9966, Time: 00:15:20

Health: 0/59       AC: 19    Str: 19 (20) XL:     10   Next: 74%
Magic:  14/18      EV:  5    Int: 12      God:    Lugonu [*****.]
Gold:   481        SH:  3    Dex: 10      Spells: 9/9 levels left

rFire   . . .      SeeInvis .    d - +1 whip (vamp)
rCold   . . .      Faith    .    b - +0 buckler
rNeg    + . .      Spirit   .    y - +0 plate armour
rPois   ∞          Reflect  .    (no helmet)
rElec   +          Harm     .    f - +0 cloak
rCorr   .          Rampage  .    (no gloves)
Will    .....                    (no boots)
Stlth   ..........               m - amulet of the acrobat
HPRegen 0.19/turn                A - +4 ring of slaying
MPRegen 0.16/turn                (no ring)

@: no status effects
A: sickness immunity, AC +7, negative energy resistance 1, electricity
resistance, torment resistance 1, petrification resistance, claws 1, talons 1,
deterioration 1
a: Renounce Religion, Depart the Abyss, Bend Space, Banish, Corrupt, Enter the
Abyss


You were in a bailey.
You worshipped Lugonu.
Lugonu was extremely pleased with you.
You visited 2 branches of the dungeon, and saw 9 of its levels.
You visited the Abyss 1 time.
You also visited: Ossuary and Bailey.

You collected 481 gold pieces.

Inventory:

Hand Weapons
 d - a +1 vampiric whip (weapon)
 D - a +0 shortbow
Missiles
 e - 12 poisoned darts
Armour
 b - a +0 buckler (worn)
 f - a +0 cloak (worn)
 t - a +0 chain mail
 y - a +0 plate armour (worn)
Jewellery
 h - a ring of fire
 m - an amulet of the acrobat (around neck)
 r - an amulet of magic regeneration
 A - a +4 ring of slaying (left claw)
Wands
 a - a wand of charming (9)
 j - a wand of flame (24)
Scrolls
 n - 4 scrolls of vulnerability
 o - 4 scrolls of teleportation
 q - 2 scrolls of immolation
 s - 2 scrolls of identify
 v - a scroll of fear
 B - 2 scrolls of blinking
 C - a scroll of enchant armour {unknown}
Potions
 c - a potion of cancellation
 g - a potion of magic {unknown}
 i - 3 potions of heal wounds
 k - 3 potions of curing
 l - a potion of might
 p - 3 potions of brilliance
 u - 2 potions of flight {unknown}
 w - a potion of lignification {unknown}
 x - a potion of resistance {unknown}
 z - a potion of ambrosia {unknown}


   Skills:
 - Level 5.0 Fighting
 * Level 11.3 Maces & Flails
 - Level 2.1 Armour
 - Level 0.7 Dodging
 * Level 11.7 Invocations


You had 9 spell levels left.
You didn't know any spells.
Your spell library contained the following spells:

 Spells                   Type           Power      Damage    Failure   Level
 Magic Dart               Conj           0%         1d3       100%        1
 Sandblast                Erth           0%         2d4       100%        1
 Blink                    Tloc           0%         N/A       100%        2
 Passwall                 Tmut/Erth      0%         N/A       100%        2
 Searing Ray              Conj           0%         2d4       100%        2
 Lesser Beckoning         Tloc           0%         N/A       100%        3
 Stone Arrow              Conj/Erth      0%         3d7       100%        3
 Summon Guardian Golem    Hex/Summ       0%         N/A       100%        3
 Animate Armour           Summ/Erth      0%         N/A       100%        4
 Fulminant Prism          Conj/Hex       0%         3d6       100%        4
 Manifold Assault         Tloc           0%         N/A       100%        5
 Orb of Destruction       Conj           0%         9d5       100%        7
 Spellforged Servitor     Conj/Summ      0%         N/A       100%        7
 Lehudib's Crystal Spear  Conj/Erth      0%         10d2      100%        8


Dungeon Overview and Level Annotations

Branches:
Dungeon (8/15)             Temple (1/1) D:6         Ossuary (visited)
 Bailey (1/1)
   Lair: D:8-11

Altars:
Ashenzari
Cheibriados
Dithmenos
Elyvilon
Fedhas
Gozag
Hepliaklqana
Makhleb
Nemelex Xobeh
Qazlal
Ru
Sif Muna
Trog
Uskayaw
Vehumet
Wu Jian
Xom
Yredelemnul
Zin

Shops:
D:1 *(?


Innate Abilities, Weirdness & Mutations

You are immune to sickness and miasma.
Your stone body is resilient. (AC +7)
You are immune to poison.
You resist negative energy. (rN+)
You are resistant to electric shocks. (rElec)
You are resistant to unholy torment.
You are immune to petrification.
You have sharp fingernails.
You have sharp toenails.
Your body sometimes deteriorates upon taking damage.


Message History

The orc warrior hits you but does no damage. x2
You whack the orc warrior!
You feel better.
You claw the orc warrior!
The orc warrior is almost dead.
The orc warrior hits you from afar with a +0 spear!
The orc hits you but does no damage.
The orc warrior hits you with a +0 trident.
You hit the orc warrior but do no damage.
The orc warrior is almost dead.
You hit the orc warrior.
You kill the orc warrior!
Lugonu accepts your kill.
The orc warrior hits you but does no damage.
The orc hits you but does no damage. The orc warrior barely misses you.
The orc closely misses you.
You hit the orc warrior.
You feel better.
The orc warrior is lightly wounded.
You hit the orc warrior.
The orc warrior is moderately wounded.
The orc warrior hits you but does no damage.
The orc barely misses you.
You hit the orc warrior.
You feel better.
You claw the orc warrior.
The orc warrior is severely wounded.
You closely miss the orc warrior. Your kick misses the orc warrior.
The orc warrior is severely wounded.
You block the orc warrior's attack. The orc hits you with a +0 halberd.
You hit the orc warrior but do no damage.
You claw the orc warrior!
The orc warrior is almost dead.
The orc warrior hits you with a +0 spear!
* * * LOW HITPOINT WARNING * * *
The orc hits you with a +0 halberd!
* * * LOW HITPOINT WARNING * * *
Your body deteriorates!
You feel weakened.
Press: ? - help, Shift-Dir - straight line, f - orc warrior
Aim: an orc warrior, wielding a +0 spear and wearing a +0 scale mail (almost dead, chance to affect: 86%)
The orc warrior barely resists.
The orc warrior hits you with a +0 spear.
* * * LOW HITPOINT WARNING * * *
The orc hits you with a +0 halberd.
You die...

..# #..# ..# #.o#
..# #o.# ..# #..#
..# #..# ..#
#..########o.#
##...8..))8@o.##
#....)))..))...#
#$.####)'####.$#
..####..).)...####
........).........
♣....♣............
♣♣♣♣...#....#...≈≈
#♣♣≈≈≈≈≈#....#≈≈≈≈≈
#≈≈≈≈≈≈≈#....# ≈≈≈≈


You could see an orc warrior and an orc.

Vanquished Creatures
  Erica (D:8)
  Grinder (D:5)
  Prince Ribbit (D:5)
  2 yaks (D:7)
  A steam dragon (D:8)
  A water moccasin (D:5)
  5 orc warriors (Bailey)
  4 ice beasts
  A sky beast (D:6)
  An ogre (D:7)
  2 phantoms
  3 centaurs
  5 elf zombies (Ossuary)
  3 scorpions
  A gnoll sergeant (D:7)
  2 bullfrogs
  3 hounds
  3 jellies
  Crazy Yiuf (D:5)
  A bullfrog zombie (D:6)
  A centaur zombie (D:6)
  7 human zombies (Ossuary)
  4 orc priests
  A centaur skeleton (D:6)
  Jessica (D:2)
  An iguana (D:6)
  6 orc wizards
  3 mummies (Ossuary)
  6 gnolls
  An adder (D:8)
  4 shadow imps
  3 white imps
  2 ufetubi
  2 worms (D:2)
  27 orcs
  4 bats
  7 endoplasms
  2 giant cockroaches
  13 goblins
  7 hobgoblins
  7 jackals (D:1)
  10 kobolds
  5 quokkas
  7 ball pythons
  A frilled lizard (D:8)
  8 rats
182 creatures vanquished.

Vanquished Creatures (collateral kills)
  Pikel (D:5)
1 creature vanquished.

Vanquished Creatures (others)
  A plant (D:1)
  4 withered plants (D:6)
5 creatures vanquished.

Grand Total: 188 creatures vanquished

Notes
Turn   | Place    | Note
-------+----------+-------------------------------------------
     0 | Abyss:1  | greasedhog the Gargoyle Abyssal Knight began the quest for
                  | the Orb.
     0 | Abyss:1  | Reached XP level 1. HP: 14/14 MP: 2/2
     1 | D:1      | Escaped the Abyss
    47 | D:1      | Found Inaxusom's Magic Scroll Shop.
    90 | D:1      | Reached XP level 2. HP: 9/19 MP: 3/3
   308 | D:1      | Found Jaarphao's Assorted Antiques.
   571 | D:1      | Reached XP level 3. HP: 23/24 MP: 4/4
   654 | D:1      | Found Xetteusu's Antique Weapon Emporium.
   677 | D:1      | Reached *** piety under Lugonu
   852 | D:1      | Found a faded altar of an unknown god.
  1129 | D:2      | Found a shimmering blue altar of Sif Muna.
  1586 | D:2      | Noticed Jessica
  1591 | D:2      | Killed Jessica
  1592 | D:2      | Reached XP level 4. HP: 23/30 MP: 5/5
  2465 | D:3      | Found a bloodstained altar of Trog.
  2544 | D:3      | Identified the +0 robe of Oddioqog {Int+3 SInv}
  2637 | D:3      | Found an ornate altar of the Wu Jian Council.
  3189 | D:4      | Noticed a scorpion
  3196 | D:3      | Reached **** piety under Lugonu
  3217 | D:3      | Reached skill level 5 in Fighting
  3217 | D:3      | Reached XP level 5. HP: 15/35 MP: 6/6
  3905 | D:4      | Reached XP level 6. HP: 40/40 MP: 8/8
  4572 | D:5      | Entered Level 5 of the Dungeon
  4739 | D:5      | Reached skill level 5 in Maces & Flails
  4898 | D:5      | Reached XP level 7. HP: 16/44 MP: 10/10
  5128 | D:5      | Noticed Prince Ribbit
  5152 | D:5      | Killed Prince Ribbit
  5153 | D:5      | Reached skill level 5 in Invocations
  5413 | D:5      | Found a stormy altar of Qazlal.
  5549 | D:5      | Noticed Grinder
  5550 | D:5      | Paralysed by Grinder for 3 turns
  5578 | D:5      | Killed Grinder
  5579 | D:5      | Reached XP level 8. HP: 17/49 MP: 12/12
  5646 | D:5      | Noticed Pikel
  5669 | D:5      | HP: 1/49 [Pikel/+0 whip of freezing (4)]
  5671 | D:5      | Killed Pikel
  5972 | D:5      | Found a runed translucent door.
  5973 | D:5      | Noticed Crazy Yiuf
  5977 | D:5      | Gained mutation: You have sharp toenails. [potion of
                  | mutation]
  5977 | D:5      | Gained mutation: Your body sometimes deteriorates upon
                  | taking damage. [potion of mutation]
  5977 | D:5      | Gained mutation: You have sharp fingernails. [potion of
                  | mutation]
  5985 | D:5      | Killed Crazy Yiuf
  6066 | D:5      | Identified the +0 long sword of Jogeryt {vorpal, Dex+6}
  6110 | D:5      | Found a blossoming altar of Fedhas.
  6220 | D:5      | Found a burning altar of Makhleb.
  6222 | D:5      | Noticed a balrug
  6731 | D:5      | Found a shimmering altar of Xom.
  6984 | D:6      | Reached XP level 9. HP: 54/54 MP: 14/14
  7468 | D:6      | Found a sand-covered staircase.
  7478 | Ossuary  | Entered an ossuary
  8219 | D:6      | Reached ***** piety under Lugonu
  8230 | D:6      | Found a staircase to the Ecumenical Temple.
  8240 | Temple   | Entered the Ecumenical Temple
  8673 | D:7      | Reached skill level 10 in Invocations
  8938 | D:7      | Reached skill level 10 in Maces & Flails
  8938 | D:7      | Reached XP level 10. HP: 49/59 MP: 12/17
  9522 | D:8      | Noticed Erica
  9537 | D:8      | Killed Erica
  9558 | D:8      | Identified the +3 war axe "Orhuttot" {vorpal, *Corrode
                  | rPois Dex+4 SInv}
  9568 | D:8      | Found a radiant altar of Vehumet.
  9736 | D:8      | Found a sacrificial altar of Ru.
  9798 | D:8      | Found a flagged portal.
  9849 | Bailey   | Entered a bailey
  9883 | Bailey   | Noticed an orc knight
  9901 | Bailey   | Banished an orc knight
  9966 | Bailey   | Slain by an orc

Illustrated notes

Levels and vault maps discovered:
D:1:      evilmike_arrival_plus, layout_loops_ring, serial_shops, shop,
          nicolae_square_shop, nicolae_shop_crystal,
          dreamdust_ecumenical_altar_grove
D:2:      layout_basic, basic_altar, lemuel_another_geyser, uniq_jessica
D:3:      layout_loops_ring, mainiacjoe_overflow_boulevard,
          lemuel_coloured_pillars_altar
D:4:      layout_basic, st_stairs_9, chequers_serial_rivers_large_a
D:5:      layout_loops_ring, nicolae_qazlal_general_emergency,
          makhleb_altar_promises_db, mainiacjoe_overflow_tiny_flanked,
          minmay_ruined_shrine, uniq_pikel, uniq_prince_ribbit1, uniq_grinder,
          uniq_crazy_yiuf_cottage
D:6:      layout_basic, minmay_temple_entry_arrows, chequers_ossuary_entry_cave,
          serial_undead, serial_undead_b, serial_undead_e, serial_undead_b,
          serial_undead_c, st_stairs_6
D:7:      layout_basic
D:8:      layout_cave_pools, fiery_altar_vehumet, okawaru_gym_becter,
          nicolae_ru_great_annihilating_truth, enter_bailey_5, serial_shops,
          nicolae_shop_behind_doors, centaur_isle, uniq_erica
Temple:   nicolae_temple_no_exploring_needed
Bailey:   bailey_polearm_elven_captive_hellmonk, bailey

Skill      XL: |  1  2  3  4  5  6  7  8  9 10 |
---------------+-------------------------------+-----
Fighting       | 4 5 |  5.0
Maces & Flails | 3 4 5 6 8 10 11 | 11.3
Invocations    | 3 4 6 7 10 11 | 11.7
Armour         | |  2.1
Dodging        | |  0.7

Action                   |  1- 3 |  4- 6 |  7- 9 | 10-12 || total
-------------------------+-------+-------+-------+-------++-------
Melee: Mace              |   113 |   157 |    22 |       ||   292
       Punch             |     2 |     2 |     3 |       ||     7
       Whip              |       |       |   543 |   161 ||   704
       Kick              |       |       |   183 |    57 ||   240
Invok: Banish            |       |       |     2 |     2 ||     4
Evoke: Wand              |       |     2 |    14 |     7 ||    23
  Use: Scroll            |     2 |     4 |     5 |     2 ||    13
       Potion            |       |       |     7 |     1 ||     8
 Stab: Invisible         |       |     1 |       |       ||     1
       Paralysed         |       |       |       |     1 ||     1
Armor: Leather armour    |    40 |       |       |       ||    40
       Ring mail         |    15 |    59 |       |       ||    74
       Chain mail        |       |    49 |   290 |       ||   339
       Plate armour      |       |       |       |    78 ||    78
Dodge: Dodged            |    70 |    77 |   135 |    69 ||   351
Block: Buckler           |       |       |    32 |    16 ||    48

Table legend: (Time is in decaauts)
 A = Elapsed time spent in this place.
 B = Non-inter-level travel time spent in this place.
 C = Inter-level travel time spent in this place.
 D = Time resting spent in this place.
 E = Time spent auto-exploring this place.
 F = Levels seen in this place.
 G = Mean time per level.
                   A        B        C        D        E       F      G
               +--------+--------+--------+--------+--------+-----+--------+
         Total |   9824 |   9520 |    304 |   1722 |   5981 |  12 |  818.7 |
       Dungeon |   9160 |   8856 |    304 |   1720 |   5576 |   8 | 1145.0 |
        Temple |      1 |      1 |      0 |      0 |      0 |   1 |    1.0 |
         Abyss |      1 |      1 |      0 |      0 |      0 |   1 |    1.0 |
       Ossuary |    571 |    571 |      0 |      0 |    383 |   1 |  571.0 |
        Bailey |     89 |     89 |      0 |      2 |     22 |   1 |   89.0 |
               +--------+--------+--------+--------+--------+-----+--------+

Top non-repeatable levels by time:
     D:5: 2000 daAuts
     D:4: 1475 daAuts
     D:3: 1281 daAuts
     D:2: 1142 daAuts
     D:1: 1129 daAuts
     D:7: 955 daAuts
     D:6: 861 daAuts
 Ossuary: 571 daAuts
     D:8: 314 daAuts
  Bailey: 89 daAuts
  Temple: 1 daAuts
 Abyss:1: 1 daAuts
